 Dungeon Crawl Stone Soup version 0.31-a0-1338-gb567cfdca4 (webtiles) character file.

Game seed: 13428653310565820125

9 jestert79 the Gusty (level 2, 24/24 HPs)
             Began as an Oni Air Elementalist on Dec 23, 2023.
             Was a Follower of Trog.
             Quit the game on level 1 of the Dungeon.
             The game lasted 00:01:24 (348 turns).

jestert79 the Gusty (Oni Air Elementalist)           Turns: 348, Time: 00:01:24

Health: 24/24      AC:  3    Str: 11    XL:     2   Next: 12%
Magic:  4/5        EV:  9    Int: 16    God:    Trog [*.....]
Gold:   10         SH:  0    Dex:  9    Spells: 2/5 levels left

rFire   . . .        (no weapon)
rCold   . . .        (no shield)
rNeg    . . .        a - +0 robe
rPois   .            (helmet restricted)
rElec   .            (no cloak)
rCorr   .            (gloves unavailable)
SInv    .            (boots unavailable)
Will    .....        (no amulet)
Stlth   +            (no ring)
HPRegen 0.24/turn    (no ring)
MPRegen 0.09/turn

%: no passive effects
@: no status effects
A: drunken brawling, large, unfitting armour, horns 1, tough skin 1, double
potion healing
a: Renounce Religion, Berserk


You were on level 1 of the Dungeon.
You worshipped Trog.
Trog was aware of your devotion.
You visited 1 branch of the dungeon, and saw 1 of its levels.

You collected 10 gold pieces.

Inventory:

Armour
 a - a +0 robe (worn)
Scrolls
 c - a scroll of enchant armour {unknown}
 d - a scroll of fog {unknown}
Potions
 b - a potion of magic


   Skills:
 - Level 1.7 Dodging
 - Level 1.4 Stealth
 - Level 2.4 Spellcasting
 - Level 1.4 Conjurations
 - Level 3.0 Air Magic


You had 2 spell levels left.
You knew the following spells:

 Your Spells              Type           Power      Damage    Failure   Level
a - Shock                 Conj/Air       36%        1d5       8%          1
b - Static Discharge      Conj/Air       18%        3-4/arc   12%         2

Your spell library contained the following spells:

 Spells                   Type           Power      Damage    Failure   Level
 Swiftness                Air            11%        N/A       17%         3
 Airstrike                Air            5%         2d(1-17)  50%         4


Dungeon Overview and Level Annotations

Branches:
Dungeon (1/15)

Altars:
Trog


Innate Abilities, Weirdness & Mutations

Whenever you drink a potion that restores your health or magic, you attack all enemies around you.
You are too large for most types of armour.
You have a pair of small horns on your head.
You have tough skin. (AC +1)
Whenever you drink a potion that restores your health or magic, it restores twice as much.


Message History

You don't have enough magic to cast this spell.
Unknown command.
You barely miss the ball python. You punch the ball python.
You kill the ball python!
You have reached level 2!
You don't have enough magic to cast this spell.
You don't have enough magic to cast this spell.
Unknown command.
You hit the ball python.
You kill the ball python!
Your Air Magic skill increases to level 3!
You see here a ball python corpse.
You start memorising the spell.
You continue memorising. x2
You finish memorising.
Spell assigned to 'b'.
Unknown command.
An endoplasm comes into view.
The endoplasm quivers.
An endoplasm is nearby!
An endoplasm is nearby!
An endoplasm is nearby!
Aiming: Shock (safe; 9% risk of failure)
Press: ? - help, Q - select action, (/) - cycle Shift-Dir - straight line, f - endoplasm
Aim: an endoplasm (97% to hit)
The zap hits the endoplasm.
The endoplasm is moderately wounded.
Unknown command.
Aiming: Shock (safe; 9% risk of failure)
Press: ? - help, Q - select action, (/) - cycle Shift-Dir - straight line, f/p - endoplasm
Aim: an endoplasm (moderately wounded, 97% to hit)
The zap hits the endoplasm.
The endoplasm is almost dead.
Unknown command.
You hit the endoplasm.
You kill the endoplasm!
There is a faded altar of an unknown god here.
This altar belongs to (a) Nemelex Xobeh, (b) Ru or (c) Trog, but you can't tell which.
Press the corresponding letter to learn more about a god, or press enter to convert or escape to cancel.
Trog accepts your prayer! Trog welcomes you!
You can now go berserk at will.
Are you sure you want to abandon this character and quit the game? (Confirm with "yes".)

.. ######.###
#.##......>.#
####.#.####..#.#
#.###^.# #..###..
#.###.##..##
##..#####
#..........###....#
#####.#.#...#...#.#
##....####.....####
#.....## ##.@.##
#......###.....#
#.......#...#...#
##...#.....###.....
##.#..#..## #..#..
........###..# .##
. #.###.#.. ...# ..
#.##...### .. . ###


There were no monsters in sight!

Vanquished Creatures
  2 endoplasms (D:1)
  A giant cockroach (D:1)
  A goblin (D:1)
  3 ball pythons (D:1)
  A rat (D:1)
8 creatures vanquished.

Notes
Turn   | Place    | Note
-------+----------+-------------------------------------------
     0 | D:1      | jestert79 the Oni Air Elementalist began the quest for the
                  | Orb.
     0 | D:1      | Reached XP level 1. HP: 16/16 MP: 3/3
    34 | D:1      | Reached skill level 1 in Conjurations
   246 | D:1      | Found a faded altar of an unknown god.
   256 | D:1      | Reached XP level 2. HP: 22/24 MP: 0/5
   259 | D:1      | Reached skill level 3 in Air Magic
   264 | D:1      | Learned a level 2 spell: Static Discharge
   347 | D:1      | Prayed at the altar of an unknown god.
   347 | D:1      | Became a worshipper of Trog the Wrathful
   347 | D:1      | Reached * piety under Trog
   348 | D:1      | Quit the game

Illustrated notes

Levels and vault maps discovered:
D:1:      tarquinn_simple_flora_water_b, layout_loops_corners,
          nicolae_ecumenical_snake_handling, grunt_decor_mini_mirrors,
          kennysheep_nondescript, minmay_lizard_king

Skill      XL: |  1  2 |
---------------+-------+-----
Conjurations   | 1 |  1.4
Air Magic      | 3 |  3.0
Dodging        | |  1.7
Stealth        | |  1.4
Spellcasting   | |  2.4

Action                     || total
---------------------------++-------
  Melee: Unarmed           ||     5
         Headbutt          ||     1
         Punch             ||     1
   Cast: Shock             ||    10
 Armour: Robe              ||     1
  Dodge: Dodged            ||     1

Table legend: (Time is in decaauts)
 A = Elapsed time spent in this place.
 B = Non-inter-level travel time spent in this place.
 C = Inter-level travel time spent in this place.
 D = Time resting spent in this place.
 E = Time spent auto-exploring this place.
 F = Levels seen in this place.
 G = Mean time per level.
                   A        B        C        D        E       F      G
               +--------+--------+--------+--------+--------+-----+--------+
         Total |    348 |    348 |      0 |     23 |    256 |   1 |  348.0 |
       Dungeon |    348 |    348 |      0 |     23 |    256 |   1 |  348.0 |
               +--------+--------+--------+--------+--------+-----+--------+

Top non-repeatable levels by time:
     D:1: 348 daAuts
